 Dungeon Crawl Stone Soup version 0.17-a0-1522-g6c5b4ba (webtiles) character file.

184388 namelastname112 the Lord of Darkness (level 17, -1/177 HPs)
             Began as a Purple Draconian Wizard on July 13, 2015.
             Was the Champion of Kikubaaqudgha.
             Hit by a large rock thrown by a stone giant (41 damage)
             ... on level 1 of the Vaults on July 14, 2015.
             The game lasted 03:28:32 (42161 turns).

namelastname112 the Lord of Darkness (DrWz)        Turns: 42161, Time: 03:28:32

Health: -1/177     AC: 16    Str:  9    XL:     17   Next: 39%
Magic:  8/48       EV: 18    Int: 24    God:    Kikubaaqudgha [******]
Gold:   1196       SH:  0    Dex: 17    Spells: 11 memorised, 6 levels left

rFire  + + .     SeeInvis +     B - +9 lajatang (pain)
rCold  . . .     Clarity  .     (armour unavailable)
rNeg   . . .     SustAt   .     (no shield)
rPois  .         Gourm    .     a - +1 hat
rElec  .         Spirit   .     N - +1 cloak
rCorr  .         Warding  .     P - +0 pair of gloves (curse)
rMut   .         Stasis   .     Z - +2 pair of boots
MR     +++..                    K - amulet of regeneration
Stlth  ++........               e - ring of Utroytem {rF++ MR+ MP+9 SInv}
                                o - +5 ring of dexterity (curse)

@: regenerating, extremely resistant to hostile enchantments, unstealthy
A: breathe power, unfitting armour, talons 1, high mp 1, robust 2, evolution 1,
cold-blooded, subdued magic 1, MP-powered wands, AC +9
a: Breathe Dispelling Energy, Receive Corpses, Torment, Renounce Religion
}: 1/15 runes: serpentine


You were on level 1 of the Vaults.
You worshipped Kikubaaqudgha.
Kikubaaqudgha was exalted by your worship.
You were not hungry.

You visited 7 branches of the dungeon, and saw 35 of its levels.
You also visited: Bailey, Ice Cave and Wizlab.

You collected 3557 gold pieces.
You spent 2014 gold pieces at shops.

Inventory:

Hand weapons
 B - a +9 lajatang of pain (weapon)
Armour
 a - a +1 hat (worn)
 M - the +3 robe of Clouds {+Fly rElec}
   (You took it off a Cloud Mage in a wizard's laboratory)

   It insulates you from electricity.
   It lets you fly.
 N - a +1 cloak (worn)
 P - a cursed +0 pair of gloves (worn)
 Z - a +2 pair of boots (worn)
Magical staves
 n - an uncursed staff of poison
Jewellery
 e - the ring of Utroytem (right hand) {rF++ MR+ MP+9 SInv}
   (You found it on level 2 of the Lair of Beasts)

   [ring of see invisible]

   It greatly protects you from fire.
   It affects your resistance to hostile enchantments.
   It affects your magic capacity (+9).
   It lets you see invisible.
 o - a cursed +5 ring of dexterity (left hand)
 s - an uncursed ring of ice
 D - an uncursed ring of protection from magic
 F - an uncursed ring of protection from fire
 K - an amulet of regeneration (around neck)
 Y - an uncursed amulet of resist mutation
Magical devices
 b - a wand of heal wounds (4)
 i - a wand of digging (3)
 q - a wand of polymorph (10)
 t - a wand of disintegration (1)
 w - a wand of heal wounds (0)
 y - a wand of teleportation (4)
 E - a wand of hasting (2)
 R - a wand of invisibility (2)
 S - a wand of draining (1)
 W - a wand of heal wounds (3)
Scrolls
 d - a scroll of enchant weapon
 f - 7 scrolls of identify
 j - 2 scrolls of silence {unknown}
 k - 6 scrolls of teleportation
 z - a scroll of recharging
 I - 6 scrolls of magic mapping
 U - 3 scrolls of amnesia
 X - 6 scrolls of remove curse
Potions
 m - 5 potions of resistance
 p - 6 potions of magic
 r - 6 potions of agility
 u - 2 potions of cancellation
 A - 7 potions of lignification
 C - 2 potions of cure mutation
 G - 7 potions of flight
 H - 3 potions of might
 J - 5 potions of brilliance
 V - a potion of haste
Books
 x - a book of Cantrips

   Spells                             Type                      Level
   a - Corona                         Hexes                        1
   b - Animate Skeleton               Necromancy                   1
   c - Summon Small Mammal            Summoning                    1
   d - Apportation                    Translocation                1
 O - a book of the Tempests

   Spells                             Type                      Level
   a - Static Discharge               Conjuration/Air              3
   b - Lightning Bolt                 Conjuration/Air              5
   c - Fireball                       Conjuration/Fire             5
   d - Tornado                        Air                          9
   e - Shatter                        Earth                        9
 Q - the Handbook of Lethal Feathers
   (You found it in a wizard's laboratory)

   Spells                             Type                      Level
   a - Shock                          Conjuration/Air              1
   b - Repel Missiles                 Charms/Air                   2
   c - Swiftness                      Charms/Air                   2
   d - Mephitic Cloud                 Conjuration/Poison/Air       3
   e - Airstrike                      Air                          4
   f - Deflect Missiles               Charms/Air                   6
   g - Conjure Ball Lightning         Conjuration/Air              6
   h - Freezing Cloud                 Conjuration/Ice/Air          6
 T - the Collected Works on Flight and Attacks
   (You found it in a wizard's laboratory)

   Spells                             Type                      Level
   a - Shock                          Conjuration/Air              1
   b - Repel Missiles                 Charms/Air                   2
   c - Swiftness                      Charms/Air                   2
   d - Airstrike                      Air                          4
   e - Summon Lightning Spire         Summoning/Air                4
   f - Lightning Bolt                 Conjuration/Air              5
   g - Poisonous Cloud                Conjuration/Poison/Air       6
   h - Freezing Cloud                 Conjuration/Ice/Air          6
Miscellaneous
 l - a legendary deck of changes
Comestibles
 c - 15 bread rations
 g - 6 chunks of flesh
 h - 2 meat rations
 v - 4 beef jerkies
 L - 8 fruits


   Skills:
 + Level 12.8 Fighting
 + Level 12.0 Staves
 + Level 9.0 Dodging
 - Level 1.7 Stealth
 + Level 14.8 Spellcasting
 - Level 1.0 Conjurations
 - Level 10.6 Summonings
 * Level 17.1 Necromancy
 - Level 1.0 Translocations
 - Level 7.9 Ice Magic


You had 6 spell levels left.
You knew the following spells:

 Your Spells              Type           Power        Failure   Level  Hunger
a - Animate Skeleton      Necr           N/A          0%          1    None
b - Blink                 Tloc           N/A          1%          2    None
c - Excruciating Wounds   Chrm/Necr      #####.....   1%          5    ##.....
d - Regeneration          Chrm/Necr      #####.....   1%          3    None
e - Dispel Undead         Necr           ######..     0%          5    ##.....
f - Simulacrum            Ice/Necr       ######....   1%          6    ####...
g - Haunt                 Necr/Summ      ######....   5%          7    ######.
h - Animate Dead          Necr           N/A          0%          4    None
s - Vampiric Draining     Necr           ######....   0%          3    None
x - Sublimation of Blood  Necr           ######....   0%          2    None
z - Magic Dart            Conj           ###.         1%          1    None


Dungeon Overview and Level Annotations

Branches:
Dungeon (15/15)            Temple (1/1) D:7            Lair (8/8) D:8
  Swamp (0/4) Lair:6        Snake (4/4) Lair:5        Slime (0/6) Lair:6
    Orc (4/4) D:11            Elf (2/3) Orc:3        Vaults (1/5) D:13
 Depths (0/5) D:15

Altars:
Ashenzari
Cheibriados
Dithmenos
Elyvilon
Fedhas
Gozag
Kikubaaqudgha
Makhleb
Nemelex Xobeh
Okawaru
Qazlal
Ru
Sif Muna
Trog
Vehumet
Xom
Yredelemnul
Zin
The Shining One
Jiyva

Shops:
D:11 *   D:13 (   Orc:4 !:(%   Snake:2 (

Annotations:
D:5 namelastname112's ghost, experienced DrWz


Innate Abilities, Weirdness & Mutations

You can breathe bolts of dispelling energy.
Your rich purple scales are hard (AC +9).
Your body does not fit into most forms of armour.
You are cold-blooded and may be slowed by cold attacks.
You have sharp toenails.
You have an increased reservoir of magic (+10% MP).
You are very robust (+20% HP).
You evolve.
Your spells are a little easier to cast, but a little less powerful.
You expend magic power (3 MP) to strengthen your wands.


Message History

An orc knight and a stone giant come into view.
The orc knight moves out of view.
The human simulacrum hits you but does no damage.
Evoke which item? (* to show all) (? for menu, Esc to quit)
Zapping:
W - a wand of heal wounds (4)
Press: ? - help, Shift-Dir - straight line, f - you You feel much better.
This wand has 3 charges left.
The human simulacrum barely misses you.
Read which item? (? for menu, Esc to quit)
Okay, then.
Casting: Blink
Confirm with . or Enter, or press ? or * to list all spells.
You blink.
Something hits the ettin but does no damage.
The cyclops throws a large rock.
The large rock misses you.
The stone giant throws a large rock.
The large rock hits you!
* * * LOW HITPOINT WARNING * * *
The stone giant throws a large rock.
The large rock hits you!!!
You die...
Kikubaaqudgha rasps: "You have failed me!
Welcome... death!"

.'.#.#...).Z.Z....#......#
##Z#.#...))#(.....########
...#.#.....########
####.#...((# *###
ZZ...#....Z###* *#..## ***
######..(..##.#**....#**,*
#..ZZZ##..##....##.,*
#..).Z##..'......'.,*
#...ZZ#*,##@#..#.#*,*
**####(....#*##o.......#**
,.....(...(##...#....#..,**
,........()#C.Z.........,,*
......(.).ZZ............,,*
...........##.Co#....#..,**
...........####.C......#**
######++##+#*,##.#..#.#*,*
** *,,,,..#*,,+.....,+,,*


You could see a stone giant, 2 orc knights, an ettin, a human simulacrum, a
friendly human zombie and a friendly human skeleton.

Vanquished Creatures
  A greater naga (Snake:3)
  Maud (Orc:1)
  3 ironheart preservers (Vaults:1)
  The ghost of namelastname112 the Summoner, a powerful DrWz of Sif Muna (D:15)
  4 slime creatures (Vaults:1)
  A yaktaur captain (Vaults:1)
  Fannar (D:10)
  An anaconda (Snake:3)
  A fire dragon (Vaults:1)
  6 hydras
  4 naga warriors
  2 centaur warriors
  An ogre mage (Orc:4)
  A deep troll shaman (Vaults:1)
  A death yak (Lair:8)
  5 naga sharpshooters
  3 shock serpents
  A salamander mystic (Snake:3)
  5 skeletal warriors
  A shadow wraith (Vaults:1)
  7 deep elf knights
  An unseen horror (shapeshifter) (Vaults:1)
  An unseen horror (D:14)
  A deep troll (Vaults:1)
  2 sea snakes (Snake:4)
  A deep elf summoner (Elf:1)
  A wolf spider zombie (D:14)
  2 naga ritualists
  An ironbrand convoker (Vaults:1)
  4 hill giants
  A deep elf conjurer (Elf:2)
  A griffon (Lair:6)
  An orc knight (Vaults:1)
  A cyclops (D:15)
  A phantasmal warrior (D:15)
  8 ugly things
  6 mana vipers
  3 salamanders
  A manticore (D:11)
  5 elephants
  2 guardian serpents (Snake:3)
  5 centaur zombies
  5 naga magi
  2 vault sentinels (Vaults:1)
  18 black mambas
  6 spiny frogs
  5 kobold demonologists
  An efreet (D:14)
  5 fire drakes
  2 yaktaurs
  2 komodo dragons
  2 deep elf priests (Elf:1)
  4 trolls
  A polar bear (Lair:5)
  4 wind drakes (WizLab)
  8 two-headed ogres
  A spriggan zombie (D:15)
  4 blink frogs
  39 yaks
  Sigmund (D:4)
  A redback (Vaults:1)
  16 air elementals (WizLab)
  A human (D:7)
  7 hungry ghosts
  A hippogriff (shapeshifter) (Vaults:1)
  5 wyverns
  A shadow (D:12)
  A vampire mosquito (Vaults:1)
  5 deep elf fighters
  5 deep elf magi
  3 basilisks
  2 wargs
  20 nagas
  9 wolves
  7 hippogriffs
  An insubstantial wisp (WizLab)
  A mottled dragon (Vaults:1)
  Edmund (D:4)
  2 swamp worms (Lair:6)
  A soldier ant (shapeshifter) (Elf:1)
  8 orc warriors
  A soldier ant (D:11)
  13 water moccasins
  7 porcupines
  2 ice beasts (D:9)
  A sky beast (D:11)
  4 spiders (D:11)
  A wasp (D:8)
  3 phantoms
  13 centaurs
  13 ogres
  7 crocodiles
  9 big kobolds
  2 wyvern zombies (D:13)
  16 giant frogs
  2 scorpions
  A tengu zombie (D:15)
  8 wights
  A wyvern skeleton (D:12)
  26 killer bees
  4 electric eels
  4 hounds
  3 giant frog zombies
  5 crimson imps
  Crazy Yiuf (D:7)
  5 jellies
  2 centaur skeletons
  A giant frog skeleton (D:7)
  22 orc wizards
  18 orc priests
  6 iguanas
  8 worker ants
  22 sheep
  3 ogre zombies (D:11)
  A worker ant zombie (D:7)
  9 gnolls
  8 adders
  31 river rats
  2 shadow imps
  13 white imps
  An ooze (D:3)
  An adder zombie (D:2)
  4 adder skeletons
  7 giant geckos
  107 orcs
  A bat zombie (D:2)
  3 giant cockroaches
  14 hobgoblins
  11 jackals
  25 kobolds
  7 quokkas
  2 ball python skeletons (D:2)
  10 bats
  A giant cockroach zombie (D:2)
  A giant newt (D:1)
  20 goblins
  A goblin skeleton (D:11)
  A hobgoblin skeleton (D:11)
  A hobgoblin zombie (D:11)
  A jackal skeleton (D:2)
  A jackal zombie (D:2)
  3 orc skeletons (D:11)
  9 orc zombies (D:11)
  2 quokka skeletons (D:2)
  4 quokka zombies
  16 rats
860 creatures vanquished.

Vanquished Creatures (collateral kills)
  A Cloud Mage (WizLab)
  6 greater nagas
  A fire giant (Lair:8)
  3 vault wardens (Vaults:1)
  An ironheart preserver (Vaults:1)
  A very ugly thing (Vaults:1)
  Nessos (Lair:8)
  A minotaur (shapeshifter) (Vaults:1)
  Snorg (D:10)
  6 vault guards (Vaults:1)
  4 ogre magi
  13 naga warriors
  9 hydras
  4 catoblepae
  Erolcha (D:12)
  3 anacondas
  4 centaur warriors
  8 death yaks (Lair:8)
  12 naga sharpshooters
  Urug (D:13)
  7 shock serpents
  Sonja (D:13)
  2 deep elf knights (Elf:1)
  Nergalle (Lair:3)
  2 skeletal warriors (D:15)
  2 sea snakes (Snake:4)
  An unseen horror (D:15)
  4 hill giants
  4 lindwurms (Lair:2)
  A deep elf conjurer (Vaults:1)
  4 naga ritualists
  2 orc knights
  A cyclops (Vaults:1)
  A necromancer (D:15)
  2 griffons
  14 ugly things
  10 mana vipers
  A stone giant zombie (D:15)
  An orb spider (shapeshifter) (D:15)
  3 salamanders
  A manticore (D:15)
  11 elephants
  9 black mambas
  2 guardian serpents
  22 naga magi
  10 spiny frogs
  A torpor snail (Lair:5)
  2 vault sentinels (Vaults:1)
  A kobold demonologist (Vaults:1)
  A yaktaur zombie (D:15)
  5 komodo dragons
  7 yaktaurs
  An efreet (D:14)
  A deep elf priest (Vaults:1)
  A queen bee (D:15)
  A fire drake (Lair:7)
  2 slime creatures (Vaults:1)
  11 two-headed ogres
  7 wind drakes (WizLab)
  2 boulder beetles (Vaults:1)
  21 blink frogs
  19 air elementals (WizLab)
  3 deep elf magi
  A hill giant zombie (D:11)
  2 hippogriffs (Lair:7)
  A wyvern (Lair:8)
  29 yaks
  2 basilisks
  8 wolves
  4 swamp worms (Lair:6)
  6 insubstantial wisps (WizLab)
  8 water moccasins
  30 nagas
  A large abomination (Elf:1)
  6 orc warriors
  2 porcupines (Lair:6)
  A black bear (shapeshifter) (Vaults:1)
  4 spiders (D:11)
  16 ogres (Orc:4)
  A phantom (D:11)
  4 big kobolds
  8 centaurs
  9 crocodiles
  7 giant frogs
  A water moccasin zombie (D:9)
  2 electric eels
  9 killer bees (D:15)
  A crimson imp (D:13)
  A hound (D:11)
  2 iguanas
  3 orc priests
  5 orc wizards
  A centaur skeleton (D:9)
  A worker ant (D:13)
  20 sheep
  2 ogre zombies (D:11)
  30 river rats
  An adder (D:9)
  35 orcs
  2 hobgoblins
  2 goblins
  A hobgoblin skeleton (D:11)
  6 kobolds
  3 orc zombies (D:11)
  6 bushes
  47 fungi
  36 plants
653 creatures vanquished.

Vanquished Creatures (others)
  2 naga magi
  2 deep elf knights (Elf:1)
  A water moccasin (D:7)
  An ogre (D:7)
  4 wights (D:7)
  2 orc wizards
  An iguana (D:7)
  A worker ant (D:7)
  A killer bee zombie (D:7)
  A kobold (Vaults:1)
  17 fungi
  9 plants
42 creatures vanquished.

Grand Total: 1555 creatures vanquished

Notes
Turn   | Place    | Note
--------------------------------------------------------------
     0 | D:1      | namelastname112 the Draconian Wizard began the quest for the Orb.
     0 | D:1      | Reached XP level 1. HP: 14/14 MP: 4/4
    75 | D:1      | Reached skill level 1 in Fighting
   187 | D:1      | Reached XP level 2. HP: 23/23 MP: 0/6
   741 | D:2      | Reached XP level 3. HP: 26/29 MP: 5/8
  1105 | D:2      | Found a sacrificial altar of Ru.
  1112 | D:2      | Found a radiant altar of Vehumet.
  1133 | D:2      | Reached skill level 4 in Spellcasting
  1136 | D:2      | Reached XP level 4. HP: 30/37 MP: 3/10
  1555 | D:3      | Found a glowing silver altar of Zin.
  1690 | D:3      | Found a white marble altar of Elyvilon.
  2046 | D:3      | Reached skill level 1 in Staves
  2046 | D:3      | Reached XP level 5. HP: 15/45 MP: 6/11
  2466 | D:3      | Found a deep blue altar of Sif Muna.
  2488 | D:3      | Reached XP level 6. HP: 41/52 MP: 1/13
  2942 | D:4      | Noticed Edmund
  2993 | D:4      | Reached skill level 5 in Spellcasting
  3274 | D:4      | Noticed Sigmund
  3327 | D:4      | Killed Sigmund
  3327 | D:4      | Reached skill level 6 in Spellcasting
  3327 | D:4      | Your scales start taking on a rich purple colour.
  3327 | D:4      | Reached XP level 7. HP: 45/60 MP: 16/16
  3519 | D:4      | Reached skill level 5 in Fighting
  4367 | D:5      | Entered Level 5 of the Dungeon
  4670 | D:5      | Noticed namelastname112's ghost (experienced DrWz)
  4882 | D:6      | Reached skill level 7 in Spellcasting
  5301 | D:5      | Found a shimmering altar of Xom.
  5375 | D:5      | Found a glowing golden altar of the Shining One.
  5782 | D:6      | Reached XP level 8. HP: 65/70 MP: 18/18
  6069 | D:7      | Reached skill level 5 in Staves
  6082 | D:7      | Noticed Crazy Yiuf
  6096 | D:7      | Killed Crazy Yiuf
  6386 | D:7      | Found a staircase to the Ecumenical Temple.
  6395 | Temple   | Entered the Ecumenical Temple
  6434 | Temple   | Became a worshipper of Kikubaaqudgha
  6573 | D:7      | Gained mutation: You tend to lose your temper in combat. [potion of mutation]
  6573 | D:7      | Gained mutation: You have an increased reservoir of magic (+10% MP). [potion of mutation]
  6573 | D:7      | Lost mutation: You tend to lose your temper in combat. [potion of mutation]
  6574 | D:7      | Gained mutation: You evolve. [potion of beneficial mutation]
  6636 | D:7      | Reached skill level 8 in Spellcasting
  6779 | D:7      | Reached skill level 1 in Necromancy
  7780 | D:7      | Reached XP level 9. HP: 72/79 MP: 23/23
  9014 | D:8      | Gained mutation: You have a considerably increased reservoir of magic (+20% MP). [evolution]
  9452 | D:8      | Found a staircase to the Lair.
  9453 | D:8      | Noticed a fire drake
  9465 | D:8      | Killed a fire drake
  9611 | D:8      | Reached skill level 9 in Spellcasting
 10073 | D:9      | Reached skill level 5 in Necromancy
 10277 | D:9      | Found a flagged portal.
 10283 | Bailey   | Entered a bailey
 10287 | Bailey   | Noticed PeterLawrence's ghost (experienced GrFi)
 10608 | D:9      | Acquired Kikubaaqudgha's first power
 10608 | D:9      | Received a gift from Kikubaaqudgha
 10608 | D:9      | Reached XP level 10. HP: 81/90 MP: 28/28
 10616 | D:9      | Identified Kikubaaqudgha's Tome of Evil (Kikubaaqudgha gifted it to you on level 9 of the Dungeon)
 10620 | D:9      | Learned a level 1 spell: Animate Skeleton
 10733 | D:9      | Learned a level 2 spell: Blink
 10737 | D:9      | Learned a level 3 spell: Regeneration
 10740 | D:9      | Learned a level 2 spell: Sublimation of Blood
 11122 | D:9      | Found an iron altar of Okawaru.
 11665 | D:4      | Killed Edmund
 11895 | D:10     | Entered Level 10 of the Dungeon
 12046 | D:10     | Reached skill level 10 in Spellcasting
 12245 | D:10     | Noticed Fannar
 12260 | D:10     | Killed Fannar
 12768 | D:10     | Noticed Snorg
 13266 | D:10     | Reached XP level 11. HP: 90/97 MP: 30/30
 13762 | D:11     | Found Maeffill's Merry Market.
 13899 | D:11     | Acquired Kikubaaqudgha's second power
 14295 | Lair:1   | Entered Level 1 of the Lair of Beasts
 14332 | Lair:1   | Found a frozen archway.
 14408 | IceCv    | Entered an ice cave
 14635 | Lair:1   | Noticed a four-headed hydra
 14646 | Lair:1   | Killed a four-headed hydra
 14845 | Lair:1   | Received a gift from Kikubaaqudgha
 14849 | Lair:1   | Identified Kikubaaqudgha's Catalogue of Stolen Souls (Kikubaaqudgha gifted it to you on level 1 of the Lair of Beasts)
 14917 | Lair:1   | Learned a level 5 spell: Excruciating Wounds
 14923 | Lair:1   | Learned a level 5 spell: Dispel Undead
 14986 | Lair:1   | Learned a level 6 spell: Simulacrum
 15361 | Lair:2   | Reached skill level 1 in Ice Magic
 15628 | Lair:2   | Noticed an eight-headed hydra
 15646 | Lair:2   | Killed an eight-headed hydra
 15646 | Lair:2   | Reached skill level 10 in Necromancy
 15648 | Lair:2   | Acquired Kikubaaqudgha's third power
 15712 | Lair:2   | Noticed an eight-headed hydra
 15729 | Lair:2   | Killed an eight-headed hydra
 15913 | Lair:2   | Noticed a lindwurm
 15916 | Lair:2   | Noticed a lindwurm
 15919 | Lair:2   | Noticed a lindwurm
 15925 | Lair:2   | Hired Yliqai the naga for 146 gold.
 15929 | Lair:2   | Hired Wuizecek the naga for 201 gold.
 16010 | Lair:2   | Noticed a lindwurm
 16024 | Lair:2   | Reached XP level 12. HP: 25/105 MP: 32/32
 16419 | Lair:2   | Killed a lindwurm
 16429 | Lair:2   | Killed a lindwurm
 16473 | Lair:2   | Killed a lindwurm
 16473 | Lair:2   | Reached skill level 5 in Ice Magic
 16524 | Lair:2   | Killed a lindwurm
 16526 | Lair:2   | Got a smoking iron ring
 16546 | Lair:2   | Identified the ring of Utroytem {rF++ MR+ MP+9 SInv} (You found it on level 2 of the Lair of Beasts)
 16617 | Lair:2   | Noticed a five-headed hydra
 16623 | Lair:2   | Your ally Wuizecek died
 16629 | Lair:2   | Killed a six-headed hydra
 16868 | Lair:3   | Noticed an eight-headed hydra
 16876 | Lair:3   | Killed a seven-headed hydra
 16928 | Lair:3   | Reached skill level 11 in Necromancy
 17069 | Lair:3   | Noticed a four-headed hydra
 17081 | Lair:3   | Killed a four-headed hydra
 17082 | Lair:3   | Your ally Yliqai died
 17679 | Lair:3   | Noticed Nergalle
 17688 | Lair:3   | Killed Nergalle
 17991 | Lair:4   | Noticed a catoblepas
 18008 | Lair:4   | Killed a catoblepas
 18114 | Lair:4   | Reached skill level 12 in Necromancy
 18157 | Lair:4   | Acquired Kikubaaqudgha's fourth power
 18284 | Lair:4   | Noticed a six-headed hydra
 18295 | Lair:4   | Killed a six-headed hydra
 18925 | Lair:5   | Noticed a naga warrior
 18926 | Lair:5   | Found a staircase to the Snake Pit.
 18943 | Lair:5   | Killed a naga warrior
 19164 | Lair:5   | Gained mutation: You are robust (+10% HP). [evolution]
 19328 | Lair:5   | Reached XP level 13. HP: 49/124 MP: 33/33
 19680 | Lair:5   | You fall through a shaft for 3 floors!
 19680 | Lair:8   | Entered Level 8 of the Lair of Beasts
 19809 | Lair:8   | Reached skill level 5 in Dodging
 19839 | Lair:8   | Reached skill level 10 in Fighting
 20015 | Lair:8   | Noticed Nessos
 20040 | Lair:8   | Killed Nessos
 20438 | Lair:8   | Noticed a fire giant
 20438 | Lair:8   | a death yak changed into a fire giant
 20440 | Lair:8   | Killed a fire giant
 20587 | Lair:8   | Got an encrusted shield
 20647 | Lair:8   | Reached skill level 13 in Necromancy
 21457 | Lair:7   | Identified the +3 shield "Loenlo" {*Confuse +Blink rN+ Dex-5} (You found it on level 8 of the Lair of Beasts)
 21771 | Lair:7   | Found a bloodstained altar of Trog.
 22105 | Lair:6   | Found a staircase to the Slime Pits.
 22105 | Lair:6   | Found a viscous altar of Jiyva.
 22409 | Lair:6   | Got a shimmering battleaxe
 22410 | Lair:6   | Identified the +8 battleaxe of Cocytus {chop, rN+++ MR- Str+3 Int+4} (You found it on level 6 of the Lair of Beasts)
 22731 | Lair:6   | Lost mutation: You have a considerably increased reservoir of magic (+20% MP). [evolution]
 22932 | Lair:6   | Reached XP level 14. HP: 114/134 MP: 33/33
 22943 | Lair:6   | Found a staircase to the Swamp.
 23615 | Lair:6   | Reached skill level 10 in Staves
 24047 | Lair:3   | Your ally Nergalle died
 24216 | D:10     | Killed Snorg
 24386 | D:11     | Noticed a hill giant
 24392 | D:11     | Killed a hill giant
 24533 | D:11     | Found a staircase to the Orcish Mines.
 24965 | D:11     | Noticed a hill giant
 24993 | D:11     | Killed a hill giant
 25176 | Orc:1    | Entered Level 1 of the Orcish Mines
 25567 | Orc:2    | Noticed Maud
 25720 | Orc:1    | Killed Maud
 26695 | Orc:3    | Found a staircase to the Elven Halls.
 26990 | Orc:4    | Entered Level 4 of the Orcish Mines
 27628 | Orc:4    | Found Diyz's Antique Weapon Emporium.
 27628 | Orc:4    | Found Wasmifam's Food Shop.
 27654 | Orc:4    | Gained mutation: You expend magic power (3 MP) to strengthen your wands. [evolution]
 27656 | Orc:4    | Found Kodiulun's Book Emporium.
 27656 | Orc:4    | Found Ehocab's Distillery.
 27668 | Orc:4    | Bought an iridescent dagger for 189 gold pieces
 27673 | Orc:4    | Bought a book of Necromancy for 390 gold pieces
 27673 | Orc:4    | Bought a Necronomicon for 1435 gold pieces
 27681 | Orc:4    | Learned a level 7 spell: Haunt
 27689 | Orc:4    | Learned a level 4 spell: Animate Dead
 28074 | Elf:1    | Entered Level 1 of the Elven Halls
 28086 | Elf:1    | Reached skill level 14 in Necromancy
 28252 | Elf:1    | Learned a level 3 spell: Vampiric Draining
 28962 | D:12     | Noticed Erolcha
 28971 | D:12     | Killed Erolcha
 30069 | D:13     | Noticed Urug
 30091 | D:13     | Killed Urug
 30273 | D:13     | Reached skill level 15 in Necromancy
 30445 | D:13     | Reached XP level 15. HP: 98/141 MP: 35/35
 30480 | D:13     | Found a gate to the Vaults.
 30639 | D:13     | Found Kasome's Weapon Shoppe.
 30710 | D:13     | Noticed Sonja
 30944 | D:13     | Killed Sonja
 31321 | D:14     | Reached skill level 5 in Summonings
 31518 | D:14     | Gained mutation: You are very robust (+20% HP). [evolution]
 32016 | D:14     | Identified the +6 dagger of Ozegei {speed, *Rage rElec rN+++ SInv} (You bought it in a shop on level 4 of the Orcish Mines)
 32098 | D:15     | Entered Level 15 of the Dungeon
 32199 | D:15     | Noticed namelastname112's ghost (powerful DrWz)
 32229 | D:15     | Killed namelastname112's ghost
 32298 | D:15     | Upgraded the game from 0.17-a0-1515-gfae3d72 to 0.17-a0-1519-g2001520
 32708 | D:15     | Found a staircase to the Depths.
 33823 | Elf:1    | Identified a scroll of acquirement
 34180 | Temple   | Identified a +4 lajatang of pain (a +2 lajatang of electrocution bloodied by Kikubaaqudgha)
 34513 | Snake:1  | Entered Level 1 of the Snake Pit
 34626 | Snake:1  | Gained mutation: You have sharp toenails. [evolution]
 35319 | Snake:1  | Reached skill level 10 in Summonings
 36167 | Snake:2  | Found Kezoden's Antique Weapon Emporium.
 36278 | Snake:2  | Found a blossoming altar of Fedhas.
 37301 | Snake:3  | Reached XP level 16. HP: 110/165 MP: 36/36
 37311 | Snake:3  | Upgraded the game from 0.17-a0-1519-g2001520 to 0.17-a0-1522-g6c5b4ba
 37514 | Snake:3  | Noticed a greater naga
 37522 | Snake:3  | Killed a greater naga
 37571 | Snake:3  | Noticed a greater naga
 37629 | Snake:4  | Entered Level 4 of the Snake Pit
 37637 | Snake:3  | Killed a greater naga
 38205 | Snake:3  | HP: 2/165 [mana viper (15)]
 38654 | Snake:4  | Reached skill level 16 in Necromancy
 39824 | Snake:4  | Got a serpentine rune of Zot
 40692 | Vaults:1 | Entered Level 1 of the Vaults
 40789 | Vaults:1 | Found a magical portal.
 40794 | WizLab   | Entered The Chambers of Xiywo the Cloud Mage
 41117 | WizLab   | Noticed Xiywo
 41143 | WizLab   | Killed Xiywo the Cloud Mage
 41214 | WizLab   | Identified the Handbook of Lethal Feathers
 41221 | WizLab   | Identified the Collected Works on Flight and Attacks
 41522 | Vaults:1 | Reached XP level 17. HP: 70/177 MP: 35/39
 41980 | Vaults:1 | Reached skill level 17 in Necromancy
 42119 | Vaults:1 | Gained mutation: Your spells are a little easier to cast, but a little less powerful. [evolution]
 42161 | Vaults:1 | Hit by a large rock thrown by a stone giant

Vault maps used:
D:1:      moated_graveyard_arrival, st_stairs_7
D:2:      grunt_temple_overflow_open, first_bread, serial_undead,
          serial_undead_f, serial_undead_c, serial_undead_a, serial_undead_f,
          serial_undead_c, serial_undead_b, serial_undead_a, serial_undead_e
D:3:      lemuel_coloured_pillars_altar, lemuel_doored_altar, led_sif_book
D:4:      uniq_sigmund, uniq_edmund
D:5:      lemuel_round_altar, kennysheep_little_box
D:6:      kennysheep_minor_cross, minmay_fire_ice_demons
D:7:      lemuel_temple_firewalk_marked, grunt_livestock,
          kennysheep_decorative_pillar, uniq_crazy_yiuf_cottage
D:8:      minmay_lair_entry_lava, fountainhead
D:9:      okawaru_altar_gauntlet_db, enter_bailey_2
D:10:     uniq_snorg, uniq_fannar
D:11:     zombieorc1_lemuel, spider_trap, nicolae_alphabet_shops
D:12:     uniq_erolcha
D:13:     hangedman_vaults_entry_quadrant_bands, serial_shops, shop, uniq_urug,
          uniq_sonja
D:14:     nrook_mini_backslash
D:15:     gammafunk_depths_entry_grave, special_room,
          minmay_misc_feat_diagonals, st_stairs_12
Temple:   eino_temple_water_12
Lair:1:   portal_ice_cave_entry_imps
Lair:2:   minmay_lindwurm_lava, grunt_megastairs_5
Lair:3:   beast_lair_carwin_large_2, uniq_nergalle
Lair:4:   infiniplex_staircase_pool_2, grunt_megastairs_2
Lair:5:   minmay_snake_entry_guardpost_large
Lair:6:   nicolae_swamp_entry_splash_gauntlet, slime_altar_1,
          beast_lair_carwin_2
Lair:7:   basic_altar
Lair:8:   evilmike_catoblepas_cave, st_stairs_8, hangedman_lair_generics_rect,
          lemuel_fruit_tree, uniq_nessos
Snake:1:  abandoned_shop
Snake:2:  basic_altar, serial_shops, nicolae_shop_trees
Snake:3:  st_stairs_11, stair_cage_line
Snake:4:  snake_pit, serial_bayou_shore_a
Orc:1:    nicolae_orc_accident_3
Orc:2:    uniq_maud
Orc:3:    nicolae_orc_pool_cavern
Orc:4:    st_orc_ogre_mass
Elf:1:    minmay_elf_necromancy
Elf:2:    serial_shops, bzr_entry_gold
Vaults:1: st_quartered_hall, v_alt_pattern_5, v_misc_1, vaults_room_door_ring,
          vaults_room_large_hall, v_misc_19, hangedman_vaults_hat,
          vaults_room_grunt_arrival_checkpoint, hangedman_vaults_unwind,
          hangedman_vaults_impose, vaults_mumra_minichess, mu_enter_wizlab_1
Bailey:   bailey_axe_1, bailey
IceCv:    ice_cave_small_necro
WizLab:   wizlab_cloud

Action                   |  1- 3 |  4- 6 |  7- 9 | 10-12 | 13-15 | 16-18 || total
-------------------------+-------+-------+-------+-------+-------+-------++-------
Melee: Dagger            |    61 |       |       |       |       |       ||    61
       Unarmed           |     5 |       |       |       |       |       ||     5
       Short sword       |    56 |   129 |   137 |       |       |       ||   322
       Quarterstaff      |       |       |   247 |   914 |  1191 |       ||  2352
       Lajatang          |       |       |       |       |   158 |   403 ||   561
 Cast: Magic Dart        |    66 |   129 |   114 |       |     1 |       ||   310
       Animate Skeleton  |       |       |       |   114 |   206 |    16 ||   336
       Regeneration      |       |       |       |    60 |    87 |    52 ||   199
       Blink             |       |       |       |     2 |     8 |     6 ||    16
       Excruciating Woun |       |       |       |    14 |    63 |       ||    77
       Simulacrum        |       |       |       |    13 |   128 |    71 ||   212
       Sublimation of Bl |       |       |       |     5 |    33 |    24 ||    62
       Dispel Undead     |       |       |       |       |    37 |     5 ||    42
       Vampiric Draining |       |       |       |       |    25 |    41 ||    66
       Animate Dead      |       |       |       |       |    30 |    36 ||    66
       Haunt             |       |       |       |       |     1 |     8 ||     9
Invok: Receive Corpses   |       |       |       |     2 |    33 |    20 ||    55
 Abil: Breathe Dispellin |       |       |       |     1 |     1 |       ||     2
Evoke: Wand              |       |       |     6 |    14 |    17 |     9 ||    46
       Deck              |       |       |       |    11 |       |       ||    11
  Use: Potion            |       |     1 |     4 |     5 |    12 |     3 ||    25
       Scroll            |       |       |    22 |    15 |    21 |     7 ||    65
 Stab: Paralysed         |       |       |     6 |     9 |       |       ||    15
       Sleeping          |       |       |     3 |     1 |     3 |       ||     7
       Confused          |       |       |     2 |     2 |       |       ||     4
       Distracted        |       |       |     1 |     3 |     6 |     3 ||    13
       Petrifying        |       |       |       |     3 |       |       ||     3
       Petrified         |       |       |       |     3 |       |       ||     3
  Eat: Chunk             |     1 |     6 |    15 |    30 |    90 |    15 ||   157
       Fruit             |       |       |     8 |       |     1 |     1 ||    10
       Pizza             |       |       |     1 |     2 |     8 |       ||    11
       Beef jerky        |       |       |       |     1 |     3 |     4 ||     8
       Royal jelly       |       |       |       |     1 |     7 |       ||     8
       Meat ration       |       |       |       |       |     1 |     6 ||     7
